AoeStats
← jonifarina

Arena

509583036Analyzed
1v1 RM · 4d ago on Sep 27, 2026· 112m 28s· 2 players
Game mode
Random Map
Map size
Tiny (2 player)
Population
200
Speed
Normal
Resources
Standard
Victory
Conquest
Starting age
Dark Age
Ending age
Imperial Age
RankedLock teamsTeams togetherTeam positionsShared explorationLock speedFull tech treeHidden civsTurbo modeCheats
Victory
Defeat
🇺🇦 Burgundians · Ukraine
134
+20
🇪🇸 Khmer · Spain
222
-20
michaelkrime
0:43 Loom
6:25 Wheelbarrow
7:13 Double-Bit Axe
16:41 Feudal Age
16:41 Horse Collar
16:59 Stone Mining
17:04 Gold Mining
17:40 Hand Cart
17:11 Town Watch
17:41 Bow Saw
19:37 Stone Shaft Mining
19:25 Heavy Plow
24:19 Arson
25:45 Gold Shaft Mining
31:00 Castle Age
31:52 Scale Mail Armor
31:58 Scale Barding Armor
31:54 Padded Archer Armor
31:44 Fletching
32:05 Forging
33:54 Town Patrol
34:22 Fervor
34:12 Treadmill Crane
34:43 Fortified Wall
34:29 Murder Holes
34:45 Masonry
34:57 Ballistics
38:29 Two-Man Saw
39:14 Burgundian Vineyards
39:57 Chain Mail Armor
40:18 Iron Casting
40:04 Chain Barding Armor
40:00 Leather Archer Armor
40:26 Crop Rotation
43:08 Bodkin Arrow
43:18 Husbandry
42:39 Light Cavalry
43:53 Coinage
43:34 Guilds
46:01 Imperial Age
44:14 Redemption
46:36 Elite Skirmisher
47:18 Squires
46:39 Pikeman
47:20 Herbal Medicine
47:26 Devotion
47:53 Illumination
47:49 Sanctity
48:10 Architecture
48:41 Chemistry
47:27 Arrowslits
48:30 Conscription
47:42 Sappers
48:48 Hoardings
50:06 Plate Mail Armor
50:37 Blast Furnace
50:34 Bracer
51:10 Plate Barding Armor
51:41 Bombard Tower
52:41 Elite Coustillier
52:48 Hussar
54:04 Banking
55:09 Halberdier
83:30 Onager
89:41 Flemish Revolution
jonifarina
2:49 Loom
21:00 Feudal Age
22:33 Wheelbarrow
21:44 Town Watch
21:35 Man-at-Arms
22:51 Stone Mining
22:52 Gold Mining
24:43 Arson
28:13 Castle Age
28:43 Crossbowman
28:48 Long Swordsman
32:23 Double-Bit Axe
32:21 Horse Collar
33:21 Stone Shaft Mining
35:25 Elite Skirmisher
37:31 Hand Cart
37:17 Town Patrol
43:17 Heavy Plow
43:12 Fletching
43:33 Forging
43:24 Scale Mail Armor
43:31 Scale Barding Armor
43:27 Padded Archer Armor
44:28 Gold Shaft Mining
44:11 Tusk Swords
47:26 Siphons
47:43 Ballistics
51:19 Imperial Age
50:55 Bow Saw
51:25 Arbalester
51:30 Two-Handed Swordsman
53:32 Chemistry
53:04 Chain Barding Armor
53:01 Chain Mail Armor
53:22 Iron Casting
52:43 Bodkin Arrow
53:04 Leather Archer Armor
52:46 Heated Shot
53:34 Conscription
53:20 Double Crossbow
53:04 Elite Ballista Elephant
57:31 Heavy Scorpion
57:58 Cavalier
60:02 Crop Rotation
59:47 Elite Battle Elephant
61:29 Heavy Cavalry Archer
62:48 Parthian Tactics
61:52 Light Cavalry
62:44 Bloodlines
62:35 Husbandry
64:34 Plate Barding Armor
65:01 Blast Furnace
64:02 Bracer
64:33 Ring Archer Armor
65:19 Fervor
65:21 Redemption
68:55 Illumination
69:11 Theocracy
73:44 Hussar
Connection lost

Rejoining the realm…

Still unreachable

The connection could not be restored.

Session expired

The server has moved on; the page needs a fresh start.